 Dungeon Crawl Stone Soup version 0.29-a0-885-gb26ba3297d (webtiles) character file.

Game seed: 3776720671239890943

338 kevlar127 the Ruffian (level 6, -3/94 HPs)
             Began as a Troll Berserker on July 20, 2022.
             Was a Priest of Trog.
             Slain by an iguana (10 damage)
             ... on level 5 of the Dungeon.
             The game lasted 00:03:54 (2400 turns).

kevlar127 the Ruffian (Troll Berserker)             Turns: 2400, Time: 00:03:54

Health: -3/94      AC:  4    Str: 28    XL:     6   Next: 29%
Magic:  5/5        EV: 10    Int:  3    God:    Trog [***...]
Gold:   220        SH:  0    Dex:  9    Spells: 5/5 levels left

rFire   . . .      SeeInvis .     - Unarmed
rCold   + . .      Faith    .   (no shield)
rNeg    . . .      Spirit   .   a - +0 animal skin
rPois   .          Reflect  .   (helmet restricted)
rElec   .          Harm     .   (no cloak)
rCorr   .          Rampage  .   (gloves unavailable)
Will    .....                   (boots unavailable)
Stlth   ..........              (no amulet)
HPRegen 1.05/turn               m - ring of protection from cold
MPRegen 0.09/turn               (no ring)

@: berserking (expiring), lethally poisoned (-3 -> -3), very quick
A: large, unfitting armour, claws 3, regeneration 1, shaggy fur 1, tough skin 1
a: Renounce Religion, Berserk, Trog's Hand


You were on level 5 of the Dungeon.
You worshipped Trog.
Trog was most pleased with you.
You visited 1 branch of the dungeon, and saw 5 of its levels.

You collected 220 gold pieces.

Inventory:

Missiles
 e - 27 stones (quivered)
 k - 2 poisoned darts
 v - 2 silver javelins
Armour
 a - a +0 animal skin (worn)
Jewellery
 m - a ring of protection from cold (left claw)
Wands
 j - a wand of paralysis (12)
Scrolls
 c - 3 scrolls of identify {unknown}
 d - a scroll of poison {unknown}
 f - 2 scrolls of enchant armour {unknown}
 g - a scroll of acquirement {unknown}
 h - 4 scrolls of teleportation {unknown}
 i - a scroll of butterflies {unknown}
 o - 2 scrolls of blinking {unknown}
 p - a scroll of brand weapon {unknown}
 t - a scroll of immolation {unknown}
 u - a scroll of enchant weapon {unknown}
Potions
 b - 3 potions of curing {unknown}
 l - 2 potions of attraction {unknown}
 n - a potion of lignification {unknown}
 q - a potion of cancellation {unknown}
 r - a potion of brilliance {unknown}
 s - a potion of heal wounds {unknown}


   Skills:
 + Level 4.3 Fighting
 - Level 3.0 Dodging
 + Level 5.2 Unarmed Combat


You had 5 spell levels left.
You didn't know any spells.
Your spell library was empty.

Dungeon Overview and Level Annotations

Branches:
Dungeon (5/15)
 Temple: D:4-7

Altars:
Uskayaw

Annotations:
D:5 Grinder


Innate Abilities, Weirdness & Mutations

You are too large for most types of armour.
You have claws for hands.
Your natural rate of healing is unusually fast.
You are covered in fur. (AC +1)
You have tough skin. (AC +1)


Message History

Trog accepts your kill.
You feel sick. The quokka bites you.
* * * LOW HITPOINT WARNING * * *
You barely miss the orc priest.
The water moccasin completely misses you.
The iguana closely misses you. The orc priest barely misses you.
You closely miss the orc priest.
You feel sick.
The water moccasin bites you but does no damage.
The quokka barely misses you.
The iguana bites you but does no damage.
Unknown command.
You barely miss the orc priest.
You feel sick. The water moccasin barely misses you.
The orc priest hits you with a +0 flail.
* * * LOW HITPOINT WARNING * * *
The quokka barely misses you.
You claw the orc priest!
The orc priest is severely wounded.
The water moccasin bites you but does no damage.
The iguana bites you.
* * * LOW HITPOINT WARNING * * *
The orc priest hits you but does no damage.
You barely miss the orc priest.
The orc priest is severely wounded.
You feel sick.
The quokka bites you but does no damage.
The water moccasin bites you but does no damage.
Unknown command.
You completely miss the orc priest.
The orc priest is severely wounded.
The iguana bites you.
* * * LOW HITPOINT WARNING * * *
The quokka bites you.
* * * LOW HITPOINT WARNING * * *
The orc priest misses you. The water moccasin closely misses you.
You closely miss the orc priest.
The orc priest is severely wounded.
You feel sick.
Grinder blinks!
The quokka closely misses you. The iguana bites you!
You die...

.. .# #># #####
##..###
#.#....♣8♣....#
#......?♣.....##
#........)..$..#
!.♣.....lS...♣..
♣.....@)...♣
......ro)5..§..
.....≈≈≈≈≈≈.....
....≈≈####≈≈....
....≈# #≈....
...≈ ≈.... ...
≈)... .. ....


You could see Grinder, a water moccasin, an iguana, an orc priest and a quokka.

Vanquished Creatures
  A black bear (D:4)
  A scorpion (D:4)
  2 orc wizards
  4 adders
  2 worms
  A dart slug (D:2)
  8 orcs
  8 ball pythons
  6 bats
  8 endoplasms
  3 giant cockroaches
  6 goblins
  5 hobgoblins
  3 jackals (D:1)
  7 quokkas
  2 frilled lizards (D:1)
  15 kobolds
  5 rats
87 creatures vanquished.

Vanquished Creatures (others)
  A plant (D:3)
1 creature vanquished.

Grand Total: 88 creatures vanquished

Notes
Turn   | Place    | Note
-------+----------+-------------------------------------------
     0 | D:1      | kevlar127 the Troll Berserker began the quest for the Orb.
     0 | D:1      | Reached XP level 1. HP: 22/22 MP: 0/0
    72 | D:1      | Reached XP level 2. HP: 26/29 MP: 1/1
   413 | D:1      | Reached XP level 3. HP: 36/36 MP: 2/2
   459 | D:1      | Reached ** piety under Trog
   836 | D:2      | Reached XP level 4. HP: 45/45 MP: 3/3
  1239 | D:3      | Reached skill level 4 in Unarmed Combat
  1798 | D:4      | Reached *** piety under Trog
  2104 | D:4      | Reached XP level 5. HP: 39/53 MP: 4/4
  2167 | D:4      | Found a hide-covered altar of Uskayaw.
  2190 | D:4      | Noticed a black bear
  2196 | D:4      | Killed a black bear
  2302 | D:4      | Reached skill level 5 in Unarmed Combat
  2302 | D:4      | Reached XP level 6. HP: 41/62 MP: 5/5
  2381 | D:5      | Entered Level 5 of the Dungeon
  2383 | D:5      | Noticed a water moccasin
  2385 | D:5      | Noticed Grinder
  2400 | D:5      | Slain by an iguana

Illustrated notes

Levels and vault maps discovered:
D:1:      tarquinn_simple_flora_water_e, layout_loops_cross,
          grunt_decor_arrowhead, minmay_heptomino_d4
D:2:      layout_rooms, st_stairs_2, minivault_27
D:3:      layout_basic, serial_bayou_crossing
D:4:      layout_loops_ring, lemuel_crystal_altar
D:5:      layout_rooms, grunt_temple_overflow_cloverleaf, corexii_corridor_pit,
          kennysheep_decorative_pillar, uniq_grinder, uniq_edmund

Skill      XL: |  1  2  3  4  5 |
---------------+----------------+-----
Fighting       | 3 4 |  4.3
Dodging        | 3 |  3.0
Unarmed Combat | 4 5 |  5.2

Action                   |  1- 3 |  4- 6 || total
-------------------------+-------+-------++-------
Melee: Unarmed           |   117 |   136 ||   253
       Punch             |     2 |     1 ||     3
Invok: Berserk           |       |     1 ||     1
 Stab: Sleeping          |     1 |       ||     1
Armor: Animal skin       |    38 |    45 ||    83
Dodge: Dodged            |    54 |    63 ||   117

Table legend: (Time is in decaauts)
 A = Elapsed time spent in this place.
 B = Non-inter-level travel time spent in this place.
 C = Inter-level travel time spent in this place.
 D = Time resting spent in this place.
 E = Time spent auto-exploring this place.
 F = Levels seen in this place.
 G = Mean time per level.
                   A        B        C        D        E       F      G
               +--------+--------+--------+--------+--------+-----+--------+
         Total |   2388 |   2256 |    132 |      0 |   1757 |   5 |  477.6 |
       Dungeon |   2388 |   2256 |    132 |      0 |   1757 |   5 |  477.6 |
               +--------+--------+--------+--------+--------+-----+--------+

Top non-repeatable levels by time:
     D:4: 680 daAuts
     D:1: 671 daAuts
     D:2: 540 daAuts
     D:3: 481 daAuts
     D:5: 14 daAuts
